 Dungeon Crawl Stone Soup version 0.23.0 (webtiles) character file.

Game seed: 1041060132896258389

121 itsemess the Cudgeler (level 4, 0/41 HPs)
             Began as a Minotaur Berserker on Feb 12, 2019.
             Was a Believer of Trog.
             Killed from afar by Eustachio (9 damage)
             ... with a wand of flame (13)
             ... on level 4 of the Dungeon.
             The game lasted 00:11:35 (1635 turns).

itsemess the Cudgeler (Minotaur Berserker)          Turns: 1635, Time: 00:11:35

Health: 0/41       AC:  7    Str: 22    XL:     4   Next: 76%
Magic:  3/3        EV: 12    Int:  4    God:    Trog [**....]
Gold:   115        SH:  0    Dex: 10    Spells: 3/3 levels left

rFire    . . .     SeeInvis .   a - +0 mace
rCold    . . .     Gourm    .   (no shield)
rNeg     . . .     Faith    .   l - +0 ring mail (curse)
rPois    .         Spirit   .   (helmet restricted)
rElec    .         Reflect  .   (no cloak)
rCorr    .         Harm     .   k - +1 pair of gloves
MR       .....                  (no boots)
Stlth    +.........             o - amulet of the acrobat
HPRegen  0.13/turn              (no ring)
MPRegen  0.08/turn              (no ring)

@: no status effects
A: retaliatory headbutt, horns 2
a: Berserk, Trog's Hand, Renounce Religion


You were on level 4 of the Dungeon.
You worshipped Trog.
Trog was pleased with you.
You were not hungry.

You visited 1 branch of the dungeon, and saw 4 of its levels.

You collected 115 gold pieces.

Inventory:

Hand Weapons
 a - a +0 mace (weapon)
 h - a +0 club
 j - a +0 club
Missiles
 i - 38 arrows (quivered)
 p - 50 stones
Armour
 b - a +0 animal skin
 g - a +0 ring mail
 k - a +1 pair of gloves (worn)
 l - a cursed +0 ring mail (worn)
 m - a +0 ring mail
Jewellery
 o - an amulet of the acrobat (around neck)
 r - an uncursed ring of ice {unknown}
Wands
 n - a wand of polymorph (8)
 s - a wand of flame (6)
Scrolls
 d - 2 scrolls of blinking
 e - 2 scrolls of identify
 f - a scroll of remove curse
 q - a scroll of teleportation
 t - a scroll of enchant armour {unknown}
Comestibles
 c - 3 rations


   Skills:
 + Level 4.3 Fighting
 + Level 5.0 Maces & Flails
 + Level 3.2 Armour
 + Level 3.2 Dodging
 + Level 0.5 Stealth


You had 3 spell levels left.
You didn't know any spells.
Your spell library was empty.

Dungeon Overview and Level Annotations

Branches:
Dungeon (4/15)
 Temple: D:4-7

Altars:

Annotations:
D:4 Eustachio


Innate Abilities, Weirdness & Mutations

You reflexively headbutt those who attack you in melee.
You have a pair of horns on your head.


Message History

The river rat bites you.
Eustachio zaps a wand.
The puff of flame hits you.
* * * LOW HITPOINT WARNING * * *
The river rat bites you.
* * * LOW HITPOINT WARNING * * *
Aiming: Throw Flame
Press: ? - help, Shift-Dir - straight line, f - river rat
Aim: a river rat (summoned)
The puff of flame misses the river rat.
The river rat bites you but does no damage. x2
You barely miss the river rat. You headbutt the river rat.
You kill the river rat!
The river rat's corpse disappears in a puff of smoke!
The rat barely misses you. You furiously retaliate!
You headbutt the rat!
You kill the rat!
The rat's corpse disappears in a puff of smoke!
The river rat misses you. You furiously retaliate!
You headbutt the river rat! You hit the river rat but do no damage.
The river rat is almost dead.
Eustachio zaps a wand.
The puff of flame hits you!
You die...

#.## ##...###...
#.#####(........
.#..............
.####............
# #####........
#..###### #.@#
#.§## #.r@#
#...§.# #.....#
#........
#....#.....#
......#..####
.#........#
###.....##


You could see Eustachio and a river rat.

Vanquished Creatures
  A worker ant (D:4)
  5 adders
  An ooze (D:2)
  A worm (D:2)
  2 leopard geckos
  8 bats
  3 giant cockroaches
  3 goblins
  7 hobgoblins
  3 jackals (D:2)
  4 kobolds
  A ball python (D:2)
  3 frilled lizards
  4 rats
46 creatures vanquished.

Notes
Turn   | Place    | Note
-------+----------+-------------------------------------------
     0 | D:1      | itsemess the Minotaur Berserker began the quest for the
                  | Orb.
     0 | D:1      | Reached XP level 1. HP: 19/19 MP: 0/0
   168 | D:1      | Reached XP level 2. HP: 21/27 MP: 1/1
   339 | D:1      | Reached skill level 4 in Maces & Flails
   452 | D:2      | Reached XP level 3. HP: 29/33 MP: 2/2
  1150 | D:2      | Reached XP level 4. HP: 38/40 MP: 3/3
  1433 | D:3      | Reached ** piety under Trog
  1609 | D:4      | Reached skill level 5 in Maces & Flails
  1611 | D:4      | Noticed Eustachio
  1635 | D:4      | Killed from afar by Eustachio

Skill      XL: |  1  2  3  4 |
---------------+-------------+-----
Maces & Flails | 4 5 |  5.0
Fighting       | 4 |  4.3
Dodging        | 3 |  3.2
Armour         | 3 |  3.2
Stealth        | |  0.5

Action                   |  1- 3 |  4- 6 || total
-------------------------+-------+-------++-------
Melee: Mace              |    68 |    40 ||   108
       Headbutt          |     8 |     7 ||    15
Evoke: Wand              |       |     1 ||     1
  Use: Scroll            |     3 |       ||     3
       Potion            |     1 |     1 ||     2
  Eat: Ration            |     1 |       ||     1
Armor: Animal skin       |     5 |       ||     5
       Ring mail         |    18 |    20 ||    38
Dodge: Dodged            |    42 |    47 ||    89
